 Dungeon Crawl Stone Soup version 0.21.1-1-g345015fe64 (webtiles) character file.

1365 Jannitor the Covered (level 8, 0/105 HPs)
             Began as a Minotaur Fighter on June 14, 2018.
             Was a Believer of Makhleb.
             Succumbed to an orc wizard's poison
             ... on level 5 of the Dungeon.
             The game lasted 00:05:11 (5178 turns).

Jannitor the Covered (Minotaur Fighter)             Turns: 5178, Time: 00:05:11

Health: 0/105      AC: 24    Str: 20    XL:     8   Next: 38%
Magic:  9/9        EV:  2    Int:  5    God:    Makhleb [**....]
Gold:   137        SH: 11    Dex: 17    Spells: 7/7 levels left

rFire    . . .     SeeInvis .   a - +0 war axe
rCold    . . .     Gourm    .   c - +0 shield
rNeg     + + +     Faith    .   (armour currently unavailable)
rPois    +         Spirit   .   (helmet currently unavailable)
rElec    .         Reflect  .   (cloak currently unavailable)
rCorr    .         Harm     .   (gloves currently unavailable)
MR       +....     NoTele   +   (boots currently unavailable)
Stlth    ++........             n - amulet of magic regeneration
HPRegen  0.27/turn              p - ring "Zystritu" {MR+ Dex+4 Slay+3}
MPRegen  0.36/turn              l - ring of positive energy

@: lethally poisoned (0 -> -19), tree-form
A: (retaliatory headbutt)
a: Minor Destruction, Renounce Religion


You were on level 5 of the Dungeon.
You worshipped Makhleb.
Makhleb was pleased with you.
You were hungry.
You were a tree.
You visited 1 branch of the dungeon, and saw 6 of its levels.

You collected 195 gold pieces.
You spent 58 gold pieces at shops.

Inventory:

Hand Weapons
 a - a +0 war axe (weapon)
Armour
 b - a +0 scale mail (melded)
 c - a +0 shield (worn)
 q - a +0 cloak (melded)
Jewellery
 l - a ring of positive energy (right branch)
 n - an amulet of magic regeneration (around neck)
 p - the ring "Zystritu" (left branch) {MR+ Dex+4 Slay+3}
   (You found it on level 5 of the Dungeon)

   [ring of protection from magic]

   It affects your dexterity (+4).
   It affects your accuracy and damage with ranged weapons and melee attacks
   (+3).
   It affects your resistance to hostile enchantments.
Wands
 m - a wand of digging (11)
Scrolls
 g - 3 scrolls of remove curse {unknown}
 k - 2 scrolls of identify
 o - 4 scrolls of enchant armour {unknown}
Potions
 d - a potion of haste
 e - a potion of lignification
 i - 2 potions of might
 j - 4 potions of brilliance
Comestibles
 f - 12 rations


   Skills:
 + Level 6.2 Fighting
 + Level 5.6 Axes
 + Level 6.3 Armour
 + Level 4.4 Dodging
 + Level 6.3 Shields
 + Level 3.3 Invocations


You had 7 spell levels left.
You didn't know any spells.

Dungeon Overview and Level Annotations

Branches:
Dungeon (6/15)             Temple (0/1) D:4

Altars:
Ashenzari
Cheibriados
Dithmenos
Gozag
Makhleb
Nemelex Xobeh
Qazlal
Trog
The Shining One

Shops:
D:2 *   D:4 *   D:6 }

Annotations:
D:6 1 transporter


Innate Abilities, Weirdness & Mutations

((You reflexively headbutt those who attack you in melee.))
((You have a pair of horns on your head.))


Message History

The magic dart hits you!
You miss something.
* * * LOW HITPOINT WARNING * * *
You feel very sick. Something hits you.
* * * LOW HITPOINT WARNING * * *
Something hits you but does no damage.
You barely miss something.
* * * LOW HITPOINT WARNING * * *
You feel sick. Something hits you but does no damage.
You hit something.
* * * LOW HITPOINT WARNING * * *
You feel very sick. Something hits you but does no damage.
You are more poisoned.
You miss something.
* * * LOW HITPOINT WARNING * * *
You feel sick. Something hits you but does no damage.
You closely miss something.
You die...

......#...÷..#.........#.......#.
.<...##...).##.........#.......#.
.....##.....##...##....##...[.##.
.....#......##+####....####.####.
.....##..........##..............
.....##.....##............#......
.....#########............#######
.................{....##..##.....
.....#......##..♣##...##..##.....
######......##...#######...#.....
#......##...+.....#...+.....
#.......#...#.....#...#.....
##.....###'###....#...#.....
##..>..##...###'###...######
######.......'...##...####.#
............##.........# ###
##############.........#


There were no monsters in sight!

Vanquished Creatures
  Edmund (D:4)
  An ice beast (D:6)
  A sky beast (D:5)
  A black bear (D:5)
  An ogre (D:6)
  The ghost of Sapher the Grave Robber, an amateur GnNe (D:5)
  2 scorpions
  The ghost of Sapher the Grave Robber, a weakling GnNe (D:4)
  3 hounds
  A gnoll shaman (D:5)
  A jelly (D:5)
  4 orc priests
  2 orc wizards
  A centaur skeleton (D:5)
  An iron imp (D:6)
  Jessica (D:2)
  A worker ant (D:6)
  A worker ant zombie (D:5)
  6 gnolls (D:5)
  4 adders
  3 shadow imps (D:5)
  An ooze (D:3)
  3 worms
  An adder skeleton (D:5)
  3 dart slugs
  A leopard gecko (D:1)
  24 orcs
  10 bats
  7 giant cockroaches
  6 goblins
  4 hobgoblins
  5 kobolds
  2 quokkas (D:2)
  7 frilled lizards
  2 goblin skeletons (D:6)
  2 hobgoblin zombies (D:6)
  2 kobold skeletons (D:6)
  An orc skeleton (D:6)
  3 orc zombies (D:6)
  7 rats
129 creatures vanquished.

Notes
Turn   | Place    | Note
-------+----------+-------------------------------------------
     0 | D:1      | Jannitor the Minotaur Fighter began the quest for the Orb.
     0 | D:1      | Reached XP level 1. HP: 19/19 MP: 0/0
   116 | D:1      | Reached XP level 2. HP: 25/27 MP: 1/1
   807 | D:1      | Reached skill level 1 in Dodging
   812 | D:1      | Reached XP level 3. HP: 33/33 MP: 2/2
   982 | D:2      | Found an opulent altar of Gozag.
  1004 | D:2      | Found Gozag's Platinum Reserve.
  1243 | D:2      | Found a bloodstained altar of Trog.
  1243 | D:2      | Found a snail-covered altar of Cheibriados.
  1415 | D:2      | Noticed Jessica
  1419 | D:2      | Killed Jessica
  1419 | D:2      | Reached XP level 4. HP: 21/40 MP: 3/3
  1572 | D:2      | Found a burning altar of Makhleb.
  1591 | D:2      | Became a worshipper of Makhleb the Destroyer
  2278 | D:3      | Reached XP level 5. HP: 20/47 MP: 4/4
  2588 | D:3      | Found a sparkling altar of Nemelex Xobeh.
  2856 | D:3      | Reached * piety under Makhleb
  3025 | D:4      | Found a staircase to the Ecumenical Temple.
  3028 | D:4      | Noticed Edmund
  3042 | D:4      | Killed Edmund
  3042 | D:4      | Reached skill level 1 in Invocations
  3042 | D:4      | Reached XP level 6. HP: 40/55 MP: 5/5
  3058 | D:4      | Noticed Sapher's ghost (weakling GnNe)
  3061 | D:5      | Entered Level 5 of the Dungeon
  3065 | D:5      | Noticed Sapher's ghost (amateur GnNe)
  3081 | D:5      | Killed Sapher's ghost
  3081 | D:5      | Reached skill level 5 in Fighting
  3081 | D:5      | Reached skill level 5 in Armour
  3081 | D:5      | Reached skill level 5 in Shields
  3212 | D:5      | Found a shadowy altar of Dithmenos.
  3222 | D:5      | Found a stormy altar of Qazlal.
  3242 | D:5      | Got a fine glass ring
  3243 | D:5      | Identified the ring "Zystritu" {MR+ Dex+4 Slay+3} (You found it on level 5 of the Dungeon)
  3331 | D:4      | Found Owniv's General Store.
  3337 | D:4      | Bought a +0 cloak for 58 gold pieces
  3426 | D:4      | Reached XP level 7. HP: 52/61 MP: 7/7
  3579 | D:5      | Found a shattered altar of Ashenzari.
  3824 | D:5      | Reached ** piety under Makhleb
  3879 | D:5      | Reached skill level 5 in Axes
  4115 | D:6      | Reached XP level 8. HP: 70/70 MP: 9/9
  4804 | D:4      | Killed Sapher's ghost
  4960 | D:6      | Found a transporter.
  4961 | D:6      | Noticed a kobold demonologist
  4964 | D:6      | Noticed a kobold demonologist
  4982 | D:6      | Found Lomomirchom's Gadget Shop.
  5079 | D:6      | Found a glowing golden altar of the Shining One.
  5176 | D:5      | HP: 4/105 [poisoned by an orc wizard]
  5178 | D:5      | Succumbed to an orc wizard's poison

Skill      XL: |  1  2  3  4  5  6  7  8 |
---------------+-------------------------+-----
Dodging        | 1 2 3 4 |  4.4
Fighting       | 4 5 6 |  6.2
Armour         | 4 5 6 |  6.3
Shields        | 4 5 6 |  6.3
Axes           | 3 4 5 |  5.6
Invocations    | 1 2 3 |  3.3

Action                   |  1- 3 |  4- 6 |  7- 9 || total
-------------------------+-------+-------+-------++-------
Melee: War axe           |   112 |   110 |   111 ||   333
       Headbutt          |    13 |    18 |    27 ||    58
  Use: Potion            |       |     5 |     2 ||     7
       Scroll            |       |     4 |       ||     4
  Eat: Chunk             |     1 |     6 |     6 ||    13
Armor: Scale mail        |    66 |    31 |    40 ||   137
       Skin              |       |     7 |     6 ||    13
Dodge: Dodged            |    50 |    32 |    44 ||   126
Block: Shield            |    55 |    50 |    59 ||   164
